 Dungeon Crawl Stone Soup version 0.32-a0-747-gc8563f6773 (webtiles) character file.

Game seed: 3416294583429867293

4 bazingina the Cudgeller (level 1, 0/17 HPs)
             Began as a Mountain Dwarf Reaver on Mar 18, 2024.
             Slain by a jackal (2 damage)
             ... on level 1 of the Dungeon.
             The game lasted 00:00:29 (69 turns).

bazingina the Cudgeller (Mountain Dwarf Reaver)       Turns: 69, Time: 00:00:29

Health: 0/17       AC:  3    Str: 14    XL:     1   Next: 50%
Magic:  3/3        EV: 10    Int: 13    God:
Gold:   0          SH:  0    Dex:  8    Spells: 2/3 levels left

rFire   . . .        a - +0 mace
rCold   . . .        (no shield)
rNeg    . . .        b - +0 leather armour
rPois   .            (no helmet)
rElec   .            (no cloak)
rCorr   .            (no gloves)
SInv    .            (no boots)
Will    .....        (no amulet)
Stlth   +            (no ring)
HPRegen 0.22/turn    (no ring)
MPRegen 0.08/turn

%: no passive effects
@: no status effects
A: runic magic, artefact enchanting
a: no special abilities


You were on level 1 of the Dungeon.
You visited 1 branch of the dungeon, and saw 1 of its levels.

Inventory:

Hand Weapons
 a - a +0 mace (weapon)
Armour
 b - a +0 leather armour (worn)


   Skills:
 * Level 2.2 Fighting
 * Level 3.9 Maces & Flails
 * Level 1.4 Dodging
 + Level 1.7 Spellcasting
 + Level 2.7 Conjurations


You had 2 spell levels left.
You knew the following spells:

 Your Spells              Type           Power      Damage    Failure   Level
a - Kiss of Death         Conj/Necr      16%        2d6       16%         1

Your spell library contained the following spells:

 Spells                   Type           Power      Damage    Failure   Level
 Momentum Strike          Conj/Tloc      8%         3d8       24%         2
 Hailstorm                Conj/Ice       4%         3d5       43%         3


Dungeon Overview and Level Annotations

Branches:
Dungeon (1/15)

Altars:


Innate Abilities, Weirdness & Mutations

Your spellcasting is much less encumbered by armour.
You can use scrolls of enchantment on lesser artefacts.


Message History

A jackal comes into view.
The jackal barks!
A jackal is nearby! 2 jackals come into view.
The jackal barks! x2
You closely miss the jackal.
The jackal bites you but does no damage.
The jackal misses you.
You closely miss the jackal. The jackal barely misses you.
The jackal misses you.
You closely miss the jackal. The jackal bites you. The jackal misses you.
The jackal closely misses you.
You hit the jackal but do no damage.
The jackal bites you but does no damage. x2
The jackal barely misses you. The jackal misses you.
You closely miss the jackal. The jackal barely misses you. x3
The jackal bites you.
The jackal bites you but does no damage.
You hit the jackal.
The jackal is heavily wounded.
The jackal bites you but does no damage.
The jackal bites you.
The jackal barely misses you. x2; The jackal bites you. x2
You hit the jackal.
You kill the jackal!
The jackal barely misses you. The jackal closely misses you. x2
You hit the jackal but do no damage. The jackal closely misses you.
The jackal barely misses you. The jackal bites you.
You are too injured to fight recklessly!
You are too injured to fight recklessly!
You hit the jackal.
The jackal is almost dead.
The jackal bites you but does no damage.
The jackal bites you.
* * * LOW HITPOINT WARNING * * *
The jackal barely misses you. The jackal bites you.
* * * LOW HITPOINT WARNING * * *
You hit the jackal but do no damage.
The jackal is almost dead.
The jackal barely misses you. x2; The jackal bites you.
You die...

..... ....# .....
......# ...... .......#
...... .......#
......###.....## ###
...............# ...
......†#h......# #..
......h@.......#
##..#####..###......##.
#..#.....#..##..†.....!
...#.......#..#..###....
#....<....#....###....
...#.[.....#..........(.
....#.....#..†.....#....
.....#####........## ..
##..............###


You could see 2 jackals.

Vanquished Creatures
  A hobgoblin (D:1)
  A jackal (D:1)
  A ball python (D:1)
  A rat (D:1)
4 creatures vanquished.

Notes
Turn   | Place    | Note
-------+----------+-------------------------------------------
     0 | D:1      | bazingina the Mountain Dwarf Reaver began the quest for the
                  | Orb.
     0 | D:1      | Reached XP level 1. HP: 17/17 MP: 3/3
    69 | D:1      | Slain by a jackal

Illustrated notes

Levels and vault maps discovered:
D:1:      scummos_arrival_hexagon, layout_rooms, minmay_three_crescents

Action                     || total
---------------------------++-------
  Melee: Mace              ||    20
    Use: Scroll            ||     1
 Armour: Leather armour    ||    22
  Dodge: Dodged            ||    27

Table legend: (Time is in decaauts)
 A = Elapsed time spent in this place.
 B = Non-inter-level travel time spent in this place.
 C = Inter-level travel time spent in this place.
 D = Time resting spent in this place.
 E = Time spent auto-exploring this place.
 F = Levels seen in this place.
 G = Mean time per level.
                   A        B        C        D        E       F      G
               +--------+--------+--------+--------+--------+-----+--------+
         Total |     73 |     73 |      0 |      0 |     35 |   1 |   73.0 |
       Dungeon |     73 |     73 |      0 |      0 |     35 |   1 |   73.0 |
               +--------+--------+--------+--------+--------+-----+--------+

Top non-repeatable levels by time:
     D:1: 73 daAuts
